 Dungeon Crawl Stone Soup version 0.20-b1-2-gc5a9893 (webtiles) character file.

28 Goblin1989 the Sneak (level 2, -14/14 HPs)
             Began as a Spriggan Assassin on May 22, 2017.
             Shot with a sling bullet by Joseph (24 damage)
             ... on level 8 of the Dungeon.
             The game lasted 00:11:47 (2255 turns).

Goblin1989 the Sneak (Spriggan Assassin)            Turns: 2255, Time: 00:11:48

Health: -14/14     AC:  3    Str:  7    XL:     2   Next: 96%
Magic:  3/3        EV: 17    Int: 12    God:
Gold:   108        SH:  0    Dex: 17    Spells: 1/1 levels left

rFire    . . .     SeeInvis +   w - +0 blowgun {@w1}
rCold    . . .     Gourm    .   (shield restricted)
rNeg     . . .     Faith    .   c - +0 robe
rPois    .         Spirit   .   (helmet restricted)
rElec    .         Reflect  .   d - +0 cloak
rCorr    .         Harm     .   (gloves unavailable)
MR       .....                  (boots unavailable)
Stlth    ++++......             (no amulet)
Regen    0.1/turn               (no ring)
MPRegen  0.1/turn               (no ring)

@: very quick
A: unfitting armour, see invisible, herbivore 3, speed 3, slow metabolism 2
a: no special abilities


You were on level 8 of the Dungeon.
You were not hungry.

You visited 1 branch of the dungeon, and saw 8 of its levels.
You also visited: Ossuary.

You collected 108 gold pieces.

Inventory:

Hand Weapons
 a - a +2 dagger
 i - a cursed -3 mace
 k - a +0 club
 o - a +0 dagger
 r - a cursed -3 club
 s - a +0 quarterstaff
 v - a +0 quarterstaff
 w - a +0 blowgun (weapon) {@w1}
Missiles
 g - 8 poisoned needles (quivered)
 l - 51 bolts
 q - 4 sling bullets
 u - 39 stones
Armour
 c - a +0 robe (worn)
 d - a +0 cloak (worn)
 j - a +0 ring mail
Magical Staves
 t - an uncursed staff of poison {unknown}
Jewellery
 f - an uncursed amulet of magic regeneration {unknown}
Scrolls
 n - a scroll of amnesia {unknown}
Potions
 h - 2 potions of agility
 m - a potion of cancellation {unknown}
 p - a potion of curing {@q1}
 x - a potion of brilliance {unknown}
Comestibles
 b - 4 fruits
 e - a bread ration {@e1}


   Skills:
 - Level 1.5 Fighting
 - Level 2.1 Short Blades
 - Level 2.0 Throwing
 - Level 1.5 Dodging
 + Level 7.4 Stealth


You had one spell level left.
You didn't know any spells.

Dungeon Overview and Level Annotations

Branches:
Dungeon (8/15)
 Temple: D:4-7         Lair: D:8-11

Altars:
Gozag
Ru

Shops:
D:8 }

Annotations:
D:8 exclusion: slave, Joseph


Innate Abilities, Weirdness & Mutations

You are very small and have problems with some larger weapons.
You are too small for most types of armour.
You have supernaturally acute eyesight. (SInv)
You are a herbivore.
You cover ground extremely quickly.
You need consume almost no food.


Message History

There is an open door here.
You take 1 damage, and have 12/14 hp.
You feel sick.
You take 1 damage, and have 11/14 hp.
You feel sick.
A poisoned needle hits the adder zombie!
You take 1 damage, and have 10/14 hp.
You feel sick.
An arrow hits the orc zombie!
There is an open door here.
You take 1 damage, and have 9/14 hp.
It was a potion of agility.
You feel agile all of a sudden.
You feel sick.
A poisoned needle hits the orc zombie!
You take 1 damage, and have 8/14 hp.
It was a potion of curing.
You feel better.
Health restored: 14 You avoid triggering an arrow trap.
There is an arrow trap here.
An arrow shoots out and misses you.
There is an arrow trap here.
An arrow shoots out and hits you!
Ouch! That really hurt!
* * * LOW HITPOINT WARNING * * *
There is an arrow trap here.
You take 8 damage, and have 6/14 hp.
MASSIVE DAMAGE!!
There is a gate leading back out of this place here.
An adder zombie is nearby!
An arrow hits the adder zombie!
Welcome back to the Dungeon!
There is a collapsed entrance here.
You start resting.
You feel a little less agile now.
You regained 3 hp, and now have 9/14 hp.
You start resting.
A mummy opens the door.
There is an open door here.
Unknown command.
The mummy barely misses you.
Found a stone staircase leading down.
A howler monkey comes into view.
There is a stone staircase leading down here.
You climb downwards.
A two-headed ogre comes into view.
It is wielding a dire flail of protection and a giant club.
There is a stone staircase leading up here.
You start resting.
HP restored.
Health restored: 14
u - 39 stones (gained 19)
You now have 108 gold pieces (gained 22).
A bullfrog skeleton comes into view.
Unknown command.
A bullfrog comes into view.
Unknown command.
Marking area around the slave as unsafe for travelling.
Marking area around the slave as unsafe for travelling. 2 slaves come into view.
Wield which item (- for none, * to show all)? (? for menu, Esc to quit)
w - a +0 blowgun (weapon)
{@w1} Firing (i - inventory. (,) - cycle):
f - 2 curare-tipped needles (quivered)
Press: ? - help, Shift-Dir - straight line, f - slave
Aim: a slave, wearing an animal skin You shoot a curare-tipped needle.
The curare-tipped needle misses the slave.
Firing (i - inventory. (,) - cycle):
f - a curare-tipped needle (quivered)
Press: ? - help, Shift-Dir - straight line, f/p - slave
Aim: a slave, wearing an animal skin You shoot a curare-tipped needle.
The curare-tipped needle misses the slave.
Found Pijexed's Gadget Shop.
Found an escape hatch in the ceiling.
The bullfrog skeleton hits you.
You take 5 damage, and have 9/14 hp.
MASSIVE DAMAGE!!
Unknown command.
The two-headed ogre shouts in stereo!
There is a stone staircase leading up here.
The bullfrog skeleton barely misses you.
You climb upwards.
There is a stone staircase leading down here.
The howler monkey howls!
The howler monkey hoots and howls with incredible vigour!
A hippogriff comes into view.
The hippogriff screeches!
You see here a dented amethyst amulet.
f - a dented amethyst amulet
Found an opulent altar of Gozag.
Found a stone staircase leading down.
There is a stone staircase leading down here.
You climb downwards.
Level annotation: exclusion: slave Marking area around Joseph as unsafe for travelling.
A hungry ghost and Joseph come into view.
There is a stone staircase leading up here.
Unknown command.
Joseph shouts!
Joseph says, "I'm here to kill trespassers.
I like my job."
Joseph unwields an uncursed quarterstaff.
Joseph wields a glowing hunting sling.
It bursts into flame!
Joseph shoots a sling bullet.
The sling bullet hits you!!
Ouch! That really hurt!
You die...

█.█ █ █.█
█.█.███
█.█@..
....█
█..█
██.<█
█.███...█
█....@..█
█████...█
....█
█.██.█ █.
█.█ █.


█W█ █. .█ █. You could see Joseph and a hungry ghost.

Vanquished Creatures
  An adder (D:5)
  An adder zombie (Ossuary)
  A dart slug (D:2)
  A gnoll zombie (Ossuary)
  3 hobgoblins
  A quokka (D:2)
  A bat (D:3)
  A goblin (D:3)
  3 hobgoblin zombies (Ossuary)
  A kobold zombie (Ossuary)
  2 orc zombies (Ossuary)
16 creatures vanquished.

Notes
Turn   | Place    | Note
-------+----------+-------------------------------------------
     0 | D:1      | Goblin1989 the Spriggan Assassin began the quest for the Orb.
     0 | D:1      | Reached XP level 1. HP: 10/10 MP: 2/2
    56 | D:2      | Reached skill level 6 in Stealth
   470 | D:3      | Reached XP level 2. HP: 11/14 MP: 3/3
   670 | D:4      | Noticed a howler monkey
   685 | D:3      | Found a sacrificial altar of Ru.
  1065 | D:5      | Entered Level 5 of the Dungeon
  1322 | D:5      | Reached skill level 7 in Stealth
  1484 | D:7      | Found a sand-covered staircase.
  1529 | Ossuary  | Entered an ossuary
  2011 | D:7      | Noticed a howler monkey
  2018 | D:8      | Noticed a two-headed ogre
  2161 | D:8      | Noticed a bullfrog
  2174 | D:8      | Noticed a slave
  2174 | D:8      | Noticed a slave
  2186 | D:8      | Found Pijexed's Gadget Shop.
  2226 | D:7      | Noticed a hippogriff
  2242 | D:7      | Found an opulent altar of Gozag.
  2253 | D:8      | Noticed Joseph
  2253 | D:8      | Noticed a hungry ghost
  2255 | D:8      | Shot with a sling bullet by Joseph

Skill      XL: |  1  2 |
---------------+-------+-----
Stealth        | 6 7 |  7.4
Fighting       | |  1.5
Short Blades   | |  2.1
Throwing       | |  2.0
Dodging        | |  1.5

Action                   || total
-------------------------++-------
Melee: Dagger            ||    44
 Fire: Blowgun           ||     9
  Use: Potion            ||     2
 Stab: Sleeping          ||     8
Armor: Robe              ||    16
Dodge: Dodged            ||    73

Vault maps used:
D:1:      noname_arrival_rooms_in_the_neighbourhood, minivault_11,
          minmay_lizard_king
D:3:      minmay_roachtagon, nicolae_overflow_hidden_temple
D:4:      kennysheep_little_box, first_bread
D:5:      grunt_temple_overflow_open
D:7:      grunt_gozag_breadcrumbs, minmay_temple_entry_butterflies,
          serial_glass, glass_columns_c, glass_columns_a, glass_columns_a,
          glass_columns_a, serial_shops, nicolae_shop_waterfront,
          nicolae_ossuary_entry_giza, uniq_duvessa, uniq_menkaure
D:8:      serial_shops, nicolae_shop_window_shopping, grunt_decor_resistance,
          grunt_livestock, uniq_pikel, uniq_grum, uniq_joseph
Ossuary:  ossuary_tomb_2
